 Dungeon Crawl Stone Soup version 0.18-a0-455-gc7d4c65 (webtiles) character file.

28 xeno23 the Gusty (level 2, 0/30 HPs)
             Began as a Demigod Air Elementalist on Dec 1, 2015.
             Succumbed to an adder's poison
             ... on level 2 of the Dungeon.
             The game lasted 00:02:51 (910 turns).

xeno23 the Gusty (Demigod Air Elementalist)          Turns: 910, Time: 00:02:51

Health: 0/30       AC: 21    Str: 11    XL:     2   Next: 75%
Magic:  1/7        EV:  2    Int: 19    God:
Gold:   63         SH:  0    Dex: 16    Spells: 1 memorised, 4 levels left

rFire  . . .     SeeInvis .     (no weapon)
rCold  . . .     Clarity  .     (armour currently unavailable)
rNeg   + + +     SustAt   +     (no shield)
rPois  +         Gourm    .     (helmet currently unavailable)
rElec  .         Spirit   .     (cloak currently unavailable)
rCorr  .         Dsmss    .     (gloves currently unavailable)
rMut   .         NoTele   +     (boots currently unavailable)
MR     .....                    o - amulet of regeneration
Stlth  ++........               (no ring)
                                (no ring)

@: lethally poisoned (0 -> -4), tree-form, very slightly contaminated, not
resistant to hostile enchantments, unstealthy
A: high mp 1, sustain attributes
a: no special abilities


You were on level 2 of the Dungeon.
You were not hungry.
You were a tree.
You visited 1 branch of the dungeon, and saw 2 of its levels.

You collected 63 gold pieces.

Inventory:

Armour
 a - a +0 robe (melded)
Jewellery
 o - an amulet of regeneration (around neck)
Scrolls
 d - a scroll of identify {unknown}
 e - 2 scrolls of remove curse {unknown}
 g - a scroll of enchant weapon {unknown}
 m - a scroll of amnesia {unknown}
 n - a scroll of fog {unknown}
Potions
 i - a potion of brilliance {unknown}
 j - a potion of lignification
 l - a potion of cure mutation {unknown}
Books
 b - a book of Air

   Spells                             Type                      Level
   a - Shock                          Conjuration/Air              1
   b - Swiftness                      Charms/Air                   2
   c - Repel Missiles                 Charms/Air                   2
   d - Static Discharge               Conjuration/Air              3
   e - Lightning Bolt                 Conjuration/Air              5
Comestibles
 c - a bread ration
 f - 2 meat rations
 h - 2 fruits
 k - 3 chunks of flesh


   Skills:
 - Level 1.7 Dodging
 - Level 1.7 Stealth
 + Level 2.1 Spellcasting
 + Level 1.5 Conjurations
 + Level 3.2 Air Magic


You had 4 spell levels left.
You knew the following spells:

 Your Spells              Type           Power        Failure   Level  Hunger
a - Shock                 Conj/Air       ##..         10%         1    #......


Dungeon Overview and Level Annotations

Branches:
Dungeon (2/15)


Innate Abilities, Weirdness & Mutations

You have an increased reservoir of magic (+10% MP).
Your attributes are resistant to harm.


Message History

You take 3 damage.
You hit the adder but do no damage.
The adder is almost dead.
You feel sick. The adder bites you but does no damage. The adder bites you.
* * * LOW HITPOINT WARNING * * *
You are more poisoned.
The adder poisons you!
You take 4 damage.
You feel sick.
You feel sick.
You take 1 damage.
You feel sick. The adder bites you.
* * * LOW HITPOINT WARNING * * *
You are more poisoned.
The adder poisons you!
You take 2 damage.
Drink which item? (? for menu, Esc to quit)
It was a potion of lignification.
You turn into a tree.
Your +0 robe melds into your body.
Your roots penetrate the ground.
You die...

..#######>#...<.##
#.###....# #.#
####.# #.# #.# #.#
#.# #.# #.# #.#
#.# #.######.#
#.#♣..##.#
#.S###.#.# # #..#
#.#.# ###.###
##.###.#.#
.......####...##.#
...$........#(...#
.......#####.#####
....... #.#
....... ..#


You could see an adder.

Vanquished Creatures
  An ooze (D:1)
  2 giant geckos
  2 ball pythons
  A giant cockroach (D:1)
  2 hobgoblins (D:2)
  A bat (D:1)
  A giant newt (D:1)
  2 goblins
  4 kobolds
  7 rats
23 creatures vanquished.

Notes
Turn   | Place    | Note
--------------------------------------------------------------
     0 | D:1      | xeno23 the Demigod Air Elementalist began the quest for the Orb.
     0 | D:1      | Reached XP level 1. HP: 14/14 MP: 5/5
    32 | D:1      | Reached skill level 1 in Conjurations
   185 | D:1      | Reached skill level 3 in Air Magic
   185 | D:1      | Reached XP level 2. HP: 14/20 MP: 0/7
   909 | D:2      | HP: 1/20 [adder (2)]
   910 | D:2      | Succumbed to an adder's poison

Vault maps used:
D:1:      minmay_arrival_jagged
D:2:      first_bread, makhleb_blood_cavern_becter, uniq_terence

Action                   || total
-------------------------++-------
Melee: Unarmed           ||    40
 Cast: Shock             ||    33
  Use: Potion            ||     1
 Stab: Sleeping          ||     2
